AoeStats
← nor29

Arabia

510155658Analyzed
1v1 RM · 21h ago on Sep 29, 2026· 30m 15s· 2 players
Game mode
Random Map
Map size
Tiny (2 player)
Population
200
Speed
Normal
Resources
Standard
Victory
Conquest
Starting age
Dark Age
Ending age
Imperial Age
RankedLock teamsTeams togetherTeam positionsShared explorationLock speedFull tech treeHidden civsTurbo modeCheats
Victory
Defeat
🇵🇪 Slavs · Peru
697
+16
🇬🇧 Britons · United Kingdom
693
-24
Aezirian
2:26 Loom
5:20 Loom
11:46 Feudal Age
13:44 Wheelbarrow
13:01 Double-Bit Axe
16:40 Fletching
21:18 Fletching
21:28 Padded Archer Armor
26:22 Castle Age
27:21 Crossbowman
28:21 Bow Saw
28:32 Hand Cart
nor29
4:10 Loom
10:40 Feudal Age
12:30 Double-Bit Axe
12:28 Horse Collar
21:29 Castle Age
21:00 Bloodlines
22:46 Bow Saw
22:39 Heavy Plow
22:22 Pikeman
24:36 Husbandry
27:44 Wheelbarrow
Connection lost

Rejoining the realm…

Still unreachable

The connection could not be restored.

Session expired

The server has moved on; the page needs a fresh start.